 Dungeon Crawl Stone Soup version 0.25-a0-35-g747a2b3c0c (webtiles) character file.

Game seed: 6261537738971081174, levelgen mode: deterministic

77 Ablot the Charmwright (level 4, 0/38 HPs)
             Began as a Gnoll Skald on Oct 19, 2019.
             Was an Initiate of Okawaru.
             Slain by a centaur (5 damage)
             ... on level 5 of the Dungeon.
             The game lasted 00:02:47 (1446 turns).

Ablot the Charmwright (Gnoll Skald)                 Turns: 1446, Time: 00:02:48

Health: 0/38       AC:  3    Str: 14    XL:     4   Next: 34%
Magic:  6/11       EV: 14    Int: 16    God:    Okawaru [......]
Gold:   119        SH:  0    Dex: 14    Spells: 2/13 levels left

rFire    . . .     SeeInvis .   o - +0 halberd (curse)
rCold    . . .     Gourm    .   (shield currently unavailable)
rNeg     . . .     Faith    .   b - +0 leather armour
rPois    .         Spirit   .   (no helmet)
rElec    .         Reflect  .   (no cloak)
rCorr    .         Harm     .   (no gloves)
MR       .....                  (no boots)
Stlth    +.........             (no amulet)
HPRegen  1.12/turn              l - ring of wizardry
MPRegen  0.12/turn              (no ring)

@: regenerating
A: distributed training, fangs 1, strong nose
a: Renounce Religion


You were on level 5 of the Dungeon.
You worshipped Okawaru.
Okawaru was noncommittal.
You were not hungry.

You visited 1 branch of the dungeon, and saw 5 of its levels.

You collected 119 gold pieces.

Inventory:

Hand Weapons
 a - a +0 spear
 o - a cursed +0 halberd (weapon)
Missiles
 f - 149 stones (quivered)
 g - 51 arrows
 i - 18 bolts
 n - a throwing net
Armour
 b - a +0 leather armour (worn)
Jewellery
 l - a ring of wizardry (left hand)
Scrolls
 c - a scroll of amnesia {unknown}
 h - 2 scrolls of teleportation {unknown}
 j - a scroll of immolation {unknown}
 k - 2 scrolls of identify {unknown}
 m - a scroll of remove curse {unknown}
 q - a scroll of enchant armour {unknown}
 r - a scroll of noise {unknown}
Potions
 e - a potion of heal wounds {unknown}
 p - 2 potions of curing {unknown}
Comestibles
 d - 3 rations
 s - 2 chunks of flesh


   Skills:
 + Level 4.6 Fighting
 + Level 1.1 Short Blades
 + Level 1.1 Long Blades
 + Level 1.1 Axes
 + Level 1.1 Maces & Flails
 + Level 4.6 Polearms
 + Level 1.1 Staves
 + Level 1.1 Slings
 + Level 1.1 Bows
 + Level 1.1 Crossbows
 + Level 1.1 Throwing
 + Level 2.7 Armour
 + Level 4.6 Dodging
 + Level 1.1 Stealth
 + Level 1.1 Shields
 + Level 1.1 Unarmed Combat
 + Level 5.0 Spellcasting
 + Level 0.8 Conjurations
 + Level 0.8 Hexes
 + Level 5.4 Charms
 + Level 0.8 Summonings
 + Level 0.8 Necromancy
 + Level 0.8 Translocations
 + Level 0.8 Transmutations
 + Level 0.8 Fire Magic
 + Level 0.8 Ice Magic
 + Level 0.8 Air Magic
 + Level 0.8 Earth Magic
 + Level 0.8 Poison Magic
 + Level 1.2 Invocations
 + Level 1.1 Evocations


You had 2 spell levels left.
You knew the following spells:

 Your Spells              Type           Power        Failure   Level  Hunger
a - Infusion              Chrm           ###.         1%          1    None
b - Song of Slaying       Chrm           ###.....     1%          2    #......
c - Shroud of Golubria    Chrm/Tloc      ##....       3%          2    #......
d - Regeneration          Chrm/Necr      ##........   6%          3    ###....
e - Spectral Weapon       Hex/Chrm       ##......     6%          3    ###....

Your spell library contained the following spells:

 Spells                   Type           Power        Failure   Level  Hunger


Dungeon Overview and Level Annotations

Branches:
Dungeon (6/15)
 Temple: D:4-7

Altars:
Dithmenos
Nemelex Xobeh
Okawaru

Annotations:
D:1 trapped black mamba


Innate Abilities, Weirdness & Mutations

Your experience applies equally to all skills.
You have very sharp teeth.
Your uncanny sense of smell can sniff out nearby items.


Message History

* * * LOW HITPOINT WARNING * * *
You see here an arrow.
The centaur unwields a +0 shortbow.
The centaur hits you.
* * * LOW HITPOINT WARNING * * *
Casting: Regeneration (safe; 6% risk of failure)
Confirm with . or Enter, or press ? or * to list all spells.
Space distorts slightly along a thin shroud covering your body.
The centaur barely misses you.
Casting: Shroud of Golubria (safe; 3% risk of failure)
Confirm with . or Enter, or press ? or * to list all spells.
Your skin crawls.
The centaur barely misses you. x2
Unknown command.
You hit the centaur but do no damage. The centaur hits you.
* * * LOW HITPOINT WARNING * * *
Your shroud falls apart!
The centaur misses you.
You slash the centaur!
The centaur is moderately wounded.
The centaur hits you.
You die...

#.# #.#
#(#
##.####
#((...#
#.(...#
#.....#
#.(...#
#.@.(.#
###c###
...
###.# #


You could see a centaur.

Vanquished Creatures
  2 adders
  A worm (D:2)
  2 dart slugs (D:2)
  3 leopard geckos
  An orc (D:2)
  7 bats
  3 giant cockroaches
  7 goblins
  6 hobgoblins
  A ball python (D:2)
  4 frilled lizards
  5 kobolds
  9 rats
51 creatures vanquished.

Notes
Turn   | Place    | Note
-------+----------+-------------------------------------------
     0 | D:1      | Ablot the Gnoll Skald began the quest for the Orb.
     0 | D:1      | Reached XP level 1. HP: 20/20 MP: 6/6
     8 | D:1      | Noticed a black mamba
    23 | D:1      | Noticed a death yak
    72 | D:1      | Reached XP level 2. HP: 24/26 MP: 7/7
    76 | D:1      | Learned a level 2 spell: Song of Slaying
    79 | D:1      | Learned a level 2 spell: Shroud of Golubria
   600 | D:1      | Reached skill level 5 in Spellcasting
   600 | D:1      | Reached XP level 3. HP: 28/31 MP: 3/9
   648 | D:2      | Reached skill level 1 in Invocations
   667 | D:2      | Found a faded altar of an unknown god.
   761 | D:2      | Found an iron altar of Okawaru.
   773 | D:2      | Became a worshipper of Warmaster Okawaru
   807 | D:2      | Reached skill level 1 in Short Blades
   807 | D:2      | Reached skill level 1 in Long Blades
   807 | D:2      | Reached skill level 1 in Axes
   807 | D:2      | Reached skill level 1 in Maces & Flails
   807 | D:2      | Reached skill level 1 in Staves
   807 | D:2      | Reached skill level 1 in Slings
   807 | D:2      | Reached skill level 1 in Bows
   807 | D:2      | Reached skill level 1 in Crossbows
   807 | D:2      | Reached skill level 1 in Throwing
   807 | D:2      | Reached skill level 1 in Stealth
   807 | D:2      | Reached skill level 1 in Shields
   807 | D:2      | Reached skill level 1 in Unarmed Combat
   807 | D:2      | Reached skill level 1 in Evocations
   811 | D:2      | Reached XP level 4. HP: 36/38 MP: 11/11
   831 | D:2      | Found a shadowy altar of Dithmenos.
   851 | D:2      | Learned a level 3 spell: Regeneration
   855 | D:2      | Learned a level 3 spell: Spectral Weapon
  1103 | D:2      | Found a sparkling altar of Nemelex Xobeh.
  1407 | D:3      | You fall into a shaft and drop 3 floors!
  1417 | D:5      | Entered Level 5 of the Dungeon
  1433 | D:5      | Noticed a centaur
  1446 | D:5      | Slain by a centaur

Levels and vault maps discovered:
D:1:      sevenhm_arrival_forest_fort_small_2, layout_loops_ring
D:2:      layout_basic, grunt_dithmenos_smoke, lemuel_round_altar,
          okawaru_metal_pillars_3, chequers_ecumenical_altar_simple
D:3:      layout_loops_ring, led_sif_pool, led_xom_imps, first_ration
D:5:      layout_loops_ring, minmay_temple_entry_large_hall, enter_ossuary_1
D:6:      layout_basic

Skill      XL: |  1  2  3 |
---------------+----------+-----
Spellcasting   | 5 |  5.0
Invocations    | 1 |  1.2
Short Blades   | 1 |  1.1
Long Blades    | 1 |  1.1
Axes           | 1 |  1.1
Maces & Flails | 1 |  1.1
Staves         | 1 |  1.1
Slings         | 1 |  1.1
Bows           | 1 |  1.1
Crossbows      | 1 |  1.1
Throwing       | 1 |  1.1
Stealth        | 1 |  1.1
Shields        | 1 |  1.1
Unarmed Combat | 1 |  1.1
Evocations     | 1 |  1.1
Fighting       | |  4.6
Polearms       | |  4.6
Armour         | |  2.7
Dodging        | |  4.6
Conjurations   | |  0.8
Hexes          | |  0.8
Charms         | |  5.4
Summonings     | |  0.8
Necromancy     | |  0.8
Translocations | |  0.8
Transmutations | |  0.8
Fire Magic     | |  0.8
Ice Magic      | |  0.8
Air Magic      | |  0.8
Earth Magic    | |  0.8
Poison Magic   | |  0.8

Action                   |  1- 3 |  4- 6 || total
-------------------------+-------+-------++-------
Melee: Spear             |    86 |       ||    86
       Bite              |     5 |     6 ||    11
       Halberd           |    30 |    61 ||    91
 Cast: Shroud of Golubri |     3 |     1 ||     4
       Infusion          |     1 |       ||     1
       Song of Slaying   |     1 |       ||     1
       Regeneration      |       |     2 ||     2
 Stab: Sleeping          |     3 |     1 ||     4
  Eat: Chunk             |       |     2 ||     2
Armor: Leather armour    |    11 |     7 ||    18
Dodge: Dodged            |    79 |    53 ||   132

Table legend:
 A = Non-vault XP
 B = Vault XP
 C = Vault XP percentage of total XP
 D = Non-vault monster count
 E = Vault monster count
 F = Vault count percentage of total count
                 A         B        C        D         E       F
            +---------+---------+-------+---------+---------+-------
      Total |     111 |       0 |   0.0 |      51 |       0 |   0.0
            +---------+---------+-------+---------+---------+-------
        D:1 |      45 |       0 |   0.0 |      22 |       0 |   0.0
        D:2 |      62 |       0 |   0.0 |      26 |       0 |   0.0
        D:3 |       4 |       0 |   0.0 |       3 |       0 |   0.0
            +---------+---------+-------+---------+---------+-------
